 Dungeon Crawl Stone Soup version 0.17-a0-1970-g7a13dd1 (webtiles) character file.

60 4thArraOfDagon the Conjurer (level 3, 0/19 HPs)
             Began as a Deep Elf Conjurer on Oct 4, 2015.
             Slain by a worker ant (5 damage)
             ... on level 4 of the Dungeon.
             The game lasted 00:03:05 (561 turns).

4thArraOfDagon the Conjurer (Deep Elf Conjurer)      Turns: 561, Time: 00:03:05

Health: 0/19       AC:  2    Str:  5    XL:     3   Next: 82%
Magic:  5/10       EV: 12    Int: 20    God:
Gold:   63         SH:  0    Dex: 12    Spells: 1 memorised, 9 levels left

rFire  . . .     SeeInvis .     o - +0 spear
rCold  . . .     Clarity  .     a - +0 robe
rNeg   + . .     SustAt   +     (no shield)
rPois  .         Gourm    .     (no helmet)
rElec  .         Spirit   .     (no cloak)
rCorr  .         Warding  +     (no gloves)
rMut   .         Stasis   .     (no boots)
MR     .....                    j - amulet of warding
Stlth  ++........               d - -3 ring of dexterity (curse)
                                f - ring of sustain attributes

@: not resistant to hostile enchantments, unstealthy
A: no striking features
a: no special abilities


You were on level 4 of the Dungeon.
You were not hungry.

You visited 1 branch of the dungeon, and saw 4 of its levels.

You collected 63 gold pieces.

Inventory:

Hand weapons
 o - a +0 spear (weapon)
Armour
 a - a +0 robe (worn)
Jewellery
 d - a cursed -3 ring of dexterity (right hand)
 f - a ring of sustain attributes (left hand)
 j - an amulet of warding (around neck)
Scrolls
 e - a scroll of identify {unknown}
 h - a scroll of amnesia {unknown}
 k - a scroll of enchant weapon {unknown}
Potions
 g - 2 potions of might {unknown}
 i - a potion of brilliance {unknown}
Books
 b - a book of Conjurations

   Spells                             Type                      Level
   a - Magic Dart                     Conjuration                  1
   b - Searing Ray                    Conjuration                  2
   c - Dazzling Spray                 Conjuration/Hexes            3
   d - Fulminant Prism                Conjuration/Hexes            4
   e - Iskenderun's Mystic Blast      Conjuration                  4
   f - Iskenderun's Battlesphere      Conjuration/Charms           5
Miscellaneous
 n - a plain deck of changes
Comestibles
 c - a bread ration
 l - a chunk of flesh
 m - a meat ration


   Skills:
 - Level 2.4 Dodging
 - Level 2.4 Stealth
 + Level 4.0 Spellcasting
 * Level 5.5 Conjurations


You had 9 spell levels left.
You knew the following spells:

 Your Spells              Type           Power        Failure   Level  Hunger
a - Magic Dart            Conj           ####         1%          1    None


Dungeon Overview and Level Annotations

Branches:
Dungeon (4/15)
 Temple: D:4-7

Altars:
Nemelex Xobeh


Message History

The worker ant is heavily wounded.
The worker ant bites you.
* * * LOW HITPOINT WARNING * * *
Casting: Magic Dart
Confirm with . or Enter, or press ? or * to list all spells.
Aiming: Magic Dart
Press: ? - help, Shift-Dir - straight line, f/p - worker ant
Aim: a worker ant (heavily wounded)
The magic dart hits the worker ant.
The worker ant is severely wounded.
The worker ant closely misses you.
Casting: Magic Dart
Confirm with . or Enter, or press ? or * to list all spells.
Aiming: Magic Dart
Press: ? - help, Shift-Dir - straight line, f/p - worker ant
Aim: a worker ant (severely wounded)
The magic dart hits the worker ant.
The worker ant is severely wounded.
The worker ant bites you.
You die...

#.# #.# #.# . #.# #.#
#.# . #.# #.# #.# . #.#
#.# #.###. #.# #.#
#.##.. ##
#.###.#####.##.# # ..
#...........##.#
....#.#######...........
#.....a@.......#######..
.###..########## #รท. #.
#.. .. #.. ## #.. #..
#####.. ### #...... ..
#.#####


You could see a worker ant.

Vanquished Creatures
  A hound (D:4)
  A gnoll (D:1)
  An adder (D:2)
  2 goblins
  4 hobgoblins
  A jackal (D:1)
  A ball python (D:2)
  A kobold (D:3)
  2 rats (D:1)
14 creatures vanquished.

Notes
Turn   | Place    | Note
--------------------------------------------------------------
     0 | D:1      | 4thArraOfDagon the Deep Elf Conjurer began the quest for the Orb.
     0 | D:1      | Reached XP level 1. HP: 10/10 MP: 6/6
   115 | D:1      | Reached XP level 2. HP: 6/15 MP: 0/8
   170 | D:1      | Reached skill level 5 in Conjurations
   297 | D:2      | Reached XP level 3. HP: 15/19 MP: 1/10
   304 | D:2      | Found a sparkling altar of Nemelex Xobeh.
   428 | D:4      | Noticed an ogre
   561 | D:4      | Slain by a worker ant

Vault maps used:
D:1:      ncdulo_lavacross, grunt_decor_resistance, minmay_distorted
D:2:      nemelex_deck, first_bread, uniq_terence, uniq_natasha
D:3:      kennysheep_goblin_castle, lemuel_crystal_altar
D:4:      uniq_pikel

Action                   || total
-------------------------++-------
Melee: Club              ||     3
 Cast: Magic Dart        ||    51
